AoeStats
← 白鹿城拉车车

Arabia

503602680Analyzed
1v1 RM · 1mo ago on Sep 1, 2026· 31m 47s· 2 players
Game mode
Random Map
Map size
Tiny (2 player)
Population
200
Speed
Normal
Resources
Standard
Victory
Conquest
Starting age
Dark Age
Ending age
Imperial Age
RankedLock teamsTeams togetherTeam positionsShared explorationLock speedFull tech treeHidden civsTurbo modeCheats
Victory
Defeat
🇨🇳 Malay · China
1028
+25
🇻🇳 Armenians · Vietnam
1042
-17
白鹿城拉车车
10:53 Feudal Age
11:02 Double-Bit Axe
12:28 Horse Collar
17:12 Wheelbarrow
17:28 Loom
22:08 Castle Age
21:00 Fletching
22:32 Gold Mining
24:12 Gold Shaft Mining
23:48 Bow Saw
24:27 Bodkin Arrow
25:18 Padded Archer Armor
26:39 Crossbowman
28:51 Leather Archer Armor
Holder
9:58 Feudal Age
10:16 Man-at-Arms
12:04 Long Swordsman
13:43 Arson
23:54 Castle Age
24:22 Gold Mining
24:19 Double-Bit Axe
24:17 Horse Collar
24:53 Two-Handed Swordsman
25:19 Gambesons
25:34 Squires
27:30 Champion
Connection lost

Rejoining the realm…

Still unreachable

The connection could not be restored.

Session expired

The server has moved on; the page needs a fresh start.